 Dungeon Crawl Stone Soup version 0.32-a0-913-g739538afd8 (webtiles) character file.

Game seed: 14727666965223487815

64 Hubris850 the Charlatan (level 4, -2/33 HPs)
             Began as a Coglin Artificer on Apr 8, 2024.
             Killed from afar by Sigmund (7 damage)
             ... with a puff of flame
             ... on level 2 of the Dungeon.
             The game lasted 00:03:27 (1301 turns).

Hubris850 the Charlatan (Coglin Artificer)          Turns: 1301, Time: 00:03:28

Health: -2/33      AC:  5    Str: 14    XL:     4   Next: 12%
Magic:  4/4        EV: 10    Int: 11    God:
Gold:   35         SH:  0    Dex: 14    Spells: 3/3 levels left

rFire   . . .        n - +0 whip {Raimund}
rCold   . . .        f - +0 dagger {Chang}
rNeg    . . .        h - +0 ring mail
rPois   .            (no helmet)
rElec   .            (no cloak)
rCorr   .            (no gloves)
SInv    .            (no boots)
Will    .....        (amulet unavailable)
Stlth   +            (ring unavailable)
HPRegen 0.25/turn    (ring unavailable)
MPRegen 0.09/turn    (no gizmo)

%: no passive effects
@: revved
A: off-hand wielding, slow wielding, warmup strikes, no jewellery
a: Invent Gizmo


You were on level 2 of the Dungeon.
You visited 1 branch of the dungeon, and saw 2 of its levels.

You collected 35 gold pieces.

Inventory:

Hand Weapons
 a - a +0 club {Matia}
 f - a +0 dagger (offhand) {Chang}
 j - a +0 sling
 n - a +0 whip (weapon) {Raimund}
 o - a +0 sling
Missiles
 g - 4 boomerangs
Armour
 b - a +0 leather armour
 h - a +0 ring mail (worn)
Wands
 c - a wand of flame (12) (quivered)
 d - a wand of charming (15)
 e - a wand of iceblast (5)
Scrolls
 l - a scroll of noise {unknown}
 p - 2 scrolls of identify {unknown}
 r - a scroll of teleportation {unknown}
Potions
 i - a potion of mutation {unknown}
 k - a potion of enlightenment {unknown}
 m - a potion of curing {unknown}
 q - a potion of brilliance {unknown}


   Skills:
 + Level 2.0 Fighting
 + Level 2.5 Armour
 + Level 1.7 Dodging
 + Level 1.7 Stealth
 - Level 4.0 Evocations


You had 3 spell levels left.
You didn't know any spells.
Your spell library was empty.

Dungeon Overview and Level Annotations

Branches:
Dungeon (2/15)

Altars:

Annotations:
D:2 Sigmund


Innate Abilities, Weirdness & Mutations

You can wield a second weapon in your off-hand.
It takes a long time for you to wield or remove held weapons.
Your first few attacks do less damage.
You cannot equip rings or amulets.


Message History

You barely miss Sigmund with your +0 dagger.
You closely miss Sigmund with your +0 whip.
Sigmund is moderately wounded.
You closely miss Sigmund with your +0 dagger.
Sigmund casts a spell at you. You resist with some effort.
Sigmund casts a spell at you.
The magic dart hits you but does no damage.
You closely miss Sigmund with your +0 dagger.
Sigmund is moderately wounded.
You barely miss Sigmund with your +0 whip.
Sigmund gestures wildly while chanting.
Sigmund flickers and vanishes!
Deactivating autopickup; reactivate with Ctrl-A.
You hit something with your +0 dagger. You miss something with your +0 whip.
Something hits you.
You closely miss something with your +0 whip.
You miss something with your +0 dagger. You miss something with your +0 dagger.
You barely miss something with your +0 whip.
Something hits you.
You barely miss something with your +0 whip.
You miss something with your +0 dagger.
You hear some strange, mumbled words.
Something tries to affect you, but you resist.
You closely miss something with your +0 whip.
You closely miss something with your +0 dagger.
Something hits you.
You closely miss something with your +0 dagger.
You barely miss something with your +0 whip.
You hit something but do no damage.
You barely miss something with your +0 whip.
Something hits you!
* * * LOW HITPOINT WARNING * * *
You barely miss something with your +0 dagger.
You barely miss something with your +0 whip.
You hear some strange, mumbled words.
A puff of flame appears from out of thin air!
The puff of flame hits you!
You die...

### .. .# #
##########.##.#
##.............#
#######...######@..###
..†.†.....# #.{.#
######....# #...#
....##....# #...#
....##....# #...#
.##.##.†..# #...#
....##....# .....
....##....# #..###
..........#


There were no monsters in sight!

Vanquished Creatures
  2 adders (D:2)
  5 ball pythons (D:1)
  2 bats
  3 endoplasms
  2 giant cockroaches (D:1)
  6 goblins
  3 hobgoblins
  8 jackals
  2 quokkas (D:1)
  4 kobolds (D:1)
  2 rats
39 creatures vanquished.

Notes
Turn   | Place    | Note
-------+----------+-------------------------------------------
     0 | D:1      | Hubris850 the Coglin Artificer began the quest for the Orb.
     0 | D:1      | Reached XP level 1. HP: 15/15 MP: 1/1
    60 | D:1      | Reached skill level 1 in Dodging
    65 | D:1      | Reached skill level 1 in Stealth
   187 | D:1      | Reached XP level 2. HP: 21/21 MP: 2/2
   423 | D:1      | Reached XP level 3. HP: 15/26 MP: 3/3
  1180 | D:2      | Reached XP level 4. HP: 17/33 MP: 4/4
  1285 | D:2      | Noticed Sigmund
  1301 | D:2      | Killed from afar by Sigmund

Illustrated notes

Levels and vault maps discovered:
D:1:      elethiomel_arrival_infinity_welcomes_careful_drivers,
          layout_loops_ring
D:2:      layout_basic, basic_altar, uniq_sigmund

Skill      XL: |  1  2  3 |
---------------+----------+-----
Dodging        | 1 |  1.7
Stealth        | 1 |  1.7
Armour         | 2 |  2.5
Fighting       | 2 |  2.0
Evocations     | |  4.0

Action                     |  1- 3 |  4- 6 || total
---------------------------+-------+-------++-------
  Melee: Dagger            |   119 |    12 ||   131
         Club              |    63 |       ||    63
         Whip              |    59 |    12 ||    71
  Evoke: Wand              |     1 |     2 ||     3
   Stab: Sleeping          |     1 |       ||     1
 Armour: Leather armour    |    10 |       ||    10
         Ring mail         |    84 |     9 ||    93
  Dodge: Dodged            |    86 |     1 ||    87

Table legend: (Time is in decaauts)
 A = Elapsed time spent in this place.
 B = Non-inter-level travel time spent in this place.
 C = Inter-level travel time spent in this place.
 D = Time resting spent in this place.
 E = Time spent auto-exploring this place.
 F = Levels seen in this place.
 G = Mean time per level.
                   A        B        C        D        E       F      G
               +--------+--------+--------+--------+--------+-----+--------+
         Total |   1314 |   1268 |     46 |    151 |    787 |   2 |  657.0 |
       Dungeon |   1314 |   1268 |     46 |    151 |    787 |   2 |  657.0 |
               +--------+--------+--------+--------+--------+-----+--------+

Top non-repeatable levels by time:
     D:1: 992 daAuts
     D:2: 322 daAuts
